 Dungeon Crawl Stone Soup version 0.26-a0-712-ga5a9c9c9d0 (webtiles) character file.

Game seed: 16439929667405645517

7446 Grant146 the Cleaver (level 10, -6/92 HPs)
             Began as a Minotaur Berserker on Nov 2, 2020.
             Was a High Priest of Trog.
             Mangled by a wraith (16 damage)
             ... led by Josephine
             ... on level 9 of the Dungeon.
             The game lasted 00:23:46 (12331 turns).

Grant146 the Cleaver (Minotaur Berserker)          Turns: 12331, Time: 00:23:47

Health: -6/92      AC: 14    Str: 22    XL:     10   Next: 93%
Magic:  9/9        EV:  9    Int:  4    God:    Trog [*****.]
Gold:   530        SH:  8    Dex: 13    Spells: 9/9 levels left

rFire    + . .     SeeInvis .   d - +3 dagger (chaos)
rCold    x . .     Faith    .   f - +0 kite shield
rNeg     . . .     Spirit   .   C - +0 chain mail
rPois    .         Reflect  .   (helmet restricted)
rElec    .         Harm     .   p - scarf {repulsion}
rCorr    .         Rampage  .   (no gloves)
MR       +....                  k - +1 pair of boots
Stlth    ..........             (no amulet)
HPRegen  0.25/turn              v - ring of fire
MPRegen  0.11/turn              y - ring of protection from magic (curse)

@: berserk cooldown, slowed, repel missiles, very slow
A: retaliatory headbutt, horns 2
a: Berserk, Trog's Hand, Brothers in Arms, Renounce Religion


You were on level 9 of the Dungeon.
You worshipped Trog.
Trog was extremely pleased with you.
You visited 1 branch of the dungeon, and saw 10 of its levels.

You collected 569 gold pieces.
You spent 39 gold pieces at shops.

Inventory:

Hand Weapons
 a - a +0 hand axe
 d - a +3 dagger of chaos (weapon)
 m - a +0 club
Armour
 b - a +0 animal skin
 f - a +0 kite shield (worn)
 j - a +0 pair of boots
 k - a +1 pair of boots (worn)
 o - a +0 leather armour
 p - a scarf of repulsion (worn)
 q - a +0 scale mail
 C - a +0 chain mail (worn)
Jewellery
 e - an uncursed ring of resist corrosion
 v - a ring of fire (left hand)
 y - a cursed ring of protection from magic (right hand)
Wands
 c - a wand of acid (9)
 r - a wand of enslavement (6)
 z - a wand of random effects (20)
 B - a wand of flame (22)
Scrolls
 g - a scroll of fog
 h - 9 scrolls of remove curse
 i - 12 scrolls of identify
 l - a scroll of enchant armour {unknown}
Potions
 n - 2 potions of haste
 w - 2 potions of flight


   Skills:
 + Level 9.7 Fighting
 + Level 2.5 Short Blades
 + Level 11.7 Axes
 + Level 11.3 Armour
 + Level 6.2 Dodging
 + Level 2.8 Stealth
 + Level 1.7 Shields


You had 9 spell levels left.
You didn't know any spells.
Your spell library was empty.

Dungeon Overview and Level Annotations

Branches:
Dungeon (10/15)            Temple (0/1) D:5
   Lair: D:8-11         Orc: D:9-12

Altars:
Elyvilon
Fedhas
Gozag
Hepliaklqana
Kikubaaqudgha
Makhleb
Nemelex Xobeh
Qazlal
Ru
Trog
Uskayaw
Xom
Zin
The Shining One

Shops:
D:5 *

Annotations:
D:3 1 runed translucent door, OTABOTABOTAB's ghost, amateur VSFi


Innate Abilities, Weirdness & Mutations

You reflexively headbutt those who attack you in melee.
You have a pair of horns on your head.


Message History

The wraith is heavily damaged.
You block the wraith's attack. The wraith hits you but does no damage.
You hit the wraith but do no damage.
Nothing appears to happen.
You headbutt the wraith.
The wraith is severely damaged.
You block the wraith's attack. x3
You hit the wraith but do no damage.
The wraith seems to grow stronger.
The wraith is severely damaged.
You block the wraith's attack. The wraith closely misses you.
You furiously retaliate!
You headbutt the wraith. You hit the wraith but do no damage.
Your headbutt misses the wraith.
The wraith is severely damaged.
You block the wraith's attack. The wraith hits you.
* * * LOW HITPOINT WARNING * * *
The wraith drains your vigour!
You feel as though you will be slow longer.
Your chain mail prevents you from hitting the wraith.
The wraith is severely damaged.
The wraith hits you!
You die...

..#....# ##.##.##.?
..####.######### #.#..##.. #.#
#.........#### #....# #.#
######.......# ###..## ..#
#.##.##.# #...# ###
######.##....# #...# ..#
#......#.....#########...### #.#
#.........W...##............ #.#
#..........@...............# #.#
#...........)..#.....)...... #.#
#....)#......#.#######...### ..#
#######.>....#.# #...# _.#
##.......#### #...# ###
######..........####...# ..#
#......................### #.#
#.##...#......#.####......
..######.##.#.#..........##.#####


You could see a wraith (fast, strong).

Vanquished Creatures
  Josephine (D:10)
  Harold (D:7)
  Psyche (D:9)
  A hornet (D:9)
  Prince Ribbit (D:5)
  A shadow (D:9)
  4 wraiths (D:10)
  Menkaure (D:5)
  A water moccasin (D:9)
  4 ice beasts
  A sky beast (D:9)
  An orc warrior (D:8)
  2 ogres
  A necrophage (D:7)
  7 centaurs
  5 bullfrogs
  2 gnoll sergeants
  A water moccasin skeleton (D:5)
  9 scorpions
  A troll zombie (D:10)
  12 killer bees
  3 howler monkeys
  A bullfrog zombie (D:5)
  3 orc priests
  5 hounds
  2 jellies
  A gnoll shaman (D:6)
  A bullfrog skeleton (D:6)
  6 orc wizards
  3 iguanas
  10 worker ants
  3 ogre zombies (D:10)
  A howler monkey zombie (D:9)
  16 gnolls
  10 adders
  2 shadow imps
  2 white imps
  An ufetubus (D:6)
  An ooze (D:6)
  An adder zombie (D:7)
  6 worms
  2 dart slugs
  4 leopard geckos
  27 orcs
  3 ball pythons
  8 giant cockroaches
  3 goblins (D:1)
  6 hobgoblins
  16 jackals
  6 kobolds
  8 quokkas
  9 bats
  6 frilled lizards
  2 hobgoblin skeletons (D:10)
  2 leopard gecko skeletons
  2 orc skeletons (D:10)
  An orc zombie (D:10)
  A quokka skeleton (D:5)
  2 quokka zombies
  11 rats
255 creatures vanquished.

Vanquished Creatures (others)
  A gnoll (D:9)
  A quokka (D:6)
2 creatures vanquished.

Grand Total: 257 creatures vanquished

Notes
Turn   | Place    | Note
-------+----------+-------------------------------------------
     0 | D:1      | Grant146 the Minotaur Berserker began the quest for the
                  | Orb.
     0 | D:1      | Reached XP level 1. HP: 19/19 MP: 0/0
    83 | D:1      | Reached XP level 2. HP: 27/27 MP: 1/1
   774 | D:2      | Reached XP level 3. HP: 29/33 MP: 2/2
   938 | D:2      | Found a bloodstained altar of Trog.
  1410 | D:2      | Found a hide-covered altar of Uskayaw.
  1431 | D:2      | Reached ** piety under Trog
  1439 | D:2      | Reached XP level 4. HP: 20/41 MP: 3/3
  2267 | D:3      | Reached skill level 5 in Axes
  2380 | D:3      | Reached XP level 5. HP: 33/47 MP: 4/4
  2558 | D:3      | Found a runed translucent door.
  2570 | D:3      | Reached skill level 1 in Stealth
  2594 | D:3      | Noticed OTABOTABOTAB's ghost (amateur VSFi)
  2889 | D:3      | Found a white marble altar of Elyvilon.
  3336 | D:3      | Reached skill level 5 in Fighting
  3336 | D:3      | Reached XP level 6. HP: 51/56 MP: 5/5
  3488 | D:4      | Reached *** piety under Trog
  3841 | D:4      | Found a blossoming altar of Fedhas.
  4258 | D:4      | Found an ancient bone altar of Kikubaaqudgha.
  4530 | D:5      | Entered Level 5 of the Dungeon
  4537 | D:5      | Reached XP level 7. HP: 51/61 MP: 6/6
  4724 | D:5      | Found a staircase to the Ecumenical Temple.
  5044 | D:5      | Noticed Prince Ribbit
  5049 | D:5      | Killed Prince Ribbit
  5049 | D:5      | Reached XP level 8. HP: 70/70 MP: 7/7
  5090 | D:5      | Found Ykhlyocw's General Store.
  5097 | D:5      | Bought a scroll of remove curse for 39 gold pieces
  5269 | D:5      | Found an opulent altar of Gozag.
  5296 | D:5      | Noticed Menkaure
  5301 | D:5      | Killed Menkaure
  5301 | D:5      | Reached **** piety under Trog
  5301 | D:5      | Reached skill level 5 in Armour
  5963 | D:6      | Found a sacrificial altar of Ru.
  5980 | D:6      | Found a shimmering altar of Xom.
  6150 | D:6      | Reached skill level 5 in Dodging
  6456 | D:6      | Reached skill level 10 in Axes
  6457 | D:6      | Reached XP level 9. HP: 65/79 MP: 8/8
  7832 | D:7      | Found a hazy altar of Hepliaklqana.
  7854 | D:7      | Noticed Harold
  7879 | D:7      | Killed Harold
  8430 | D:7      | Found a stormy altar of Qazlal.
  8584 | D:7      | Found a glowing golden altar of the Shining One.
  8705 | D:8      | Reached XP level 10. HP: 68/90 MP: 9/9
  9067 | D:8      | Reached ***** piety under Trog
  9244 | D:8      | Reached skill level 10 in Armour
  9550 | D:8      | Found a sparkling altar of Nemelex Xobeh.
 10104 | D:9      | Paralysed by a hornet for 1 turns
 10618 | D:9      | Found a burning altar of Makhleb.
 10653 | D:9      | Noticed Psyche
 10663 | D:9      | Killed Psyche
 10930 | D:9      | Found a glowing silver altar of Zin.
 11086 | D:10     | Entered Level 10 of the Dungeon
 12291 | D:10     | Noticed Josephine
 12305 | D:10     | Killed Josephine
 12305 | D:10     | Reached skill level 1 in Shields
 12331 | D:9      | Mangled by a wraith

Illustrated notes

Levels and vault maps discovered:
D:1:      dpeg_arrival_another_circle, layout_loops_ring, minmay_pentomino_v2
D:2:      layout_basic, eat_drink_and_be_merry_uskayaw,
          lemuel_coloured_pillars_altar
D:3:      layout_basic, elyvilon_altar_3, ebering_ghost_reflecting_pool
D:4:      layout_basic, lemuel_crystal_altar, fedhas_altar_3
D:5:      layout_loops_corners, lemuel_crystal_altar,
          minmay_temple_entry_statues_fountains, serial_shops, shop,
          corner_web_ring, uniq_prince_ribbit1, uniq_menkaure
D:6:      minmay_opposing_rooms, layout_rooms, kennysheep_mini,
          minmay_crystal_room, tgw_xom
D:7:      layout_gridville, tso_oasis_becter, lemuel_crystal_altar, basic_altar,
          uniq_harold
D:8:      layout_cave_pools, nemelex_diamond_rough_becter
D:9:      layout_loops_cross, overflow_temple_1_default, zin_scriptorium,
          lemuel_old_faithful, uniq_psyche
D:10:     layout_basic, dpeg_lair_monsters, zombieorc2_lemuel, serial_shops,
          nicolae_shop_temple_entry_statues_fountains, uniq_josephine

Skill      XL: |  1  2  3  4  5  6  7  8  9 10 |
---------------+-------------------------------+-----
Axes           | 4 5 6 7 8 10 11 | 11.7
Fighting       | 4 5 6 7 8 9 |  9.7
Dodging        | 3 4 5 6 |  6.2
Stealth        | 1 2 |  2.8
Armour         | 3 4 6 9 11 | 11.3
Short Blades   | 2 |  2.5
Shields        | 1 |  1.7

Action                   |  1- 3 |  4- 6 |  7- 9 | 10-12 || total
-------------------------+-------+-------+-------+-------++-------
Melee: Hand axe          |    95 |   134 |   301 |   157 ||   687
       Headbutt          |    22 |    18 |    73 |    68 ||   181
       Dagger            |       |       |       |   132 ||   132
Invok: Berserk           |       |     1 |     6 |     4 ||    11
  Use: Scroll            |       |       |     4 |     7 ||    11
       Potion            |       |       |     1 |     7 ||     8
 Stab: Paralysed         |       |       |       |     4 ||     4
Armor: Animal skin       |    22 |     5 |       |       ||    27
       Leather armour    |       |     7 |       |       ||     7
       Scale mail        |       |    25 |    86 |     3 ||   114
       Chain mail        |       |       |       |   104 ||   104
Dodge: Dodged            |    67 |    80 |   204 |   163 ||   514
       Repelled          |       |       |     3 |     2 ||     5
Block: Kite shield       |       |       |       |    46 ||    46

Table legend: (Time is in decaauts)
 A = Elapsed time spent in this place.
 B = Non-inter-level travel time spent in this place.
 C = Inter-level travel time spent in this place.
 D = Time resting spent in this place.
 E = Time spent auto-exploring this place.
 F = Levels seen in this place.
 G = Mean time per level.
                   A        B        C        D        E       F      G
               +--------+--------+--------+--------+--------+-----+--------+
         Total |  12380 |  12130 |    250 |   2419 |   7708 |  10 | 1238.0 |
       Dungeon |  12380 |  12130 |    250 |   2419 |   7708 |  10 | 1238.0 |
               +--------+--------+--------+--------+--------+-----+--------+

Top non-repeatable levels by time:
     D:9: 1904 daAuts
     D:6: 1888 daAuts
     D:5: 1751 daAuts
     D:2: 1484 daAuts
     D:3: 1230 daAuts
     D:4: 1062 daAuts
    D:10: 864 daAuts
     D:1: 772 daAuts
     D:8: 711 daAuts
     D:7: 710 daAuts
